 Dungeon Crawl Stone Soup version 0.18-a0-1778-gadce9fa (webtiles) character file.

781 saintsgambit the Shield-Bearer (level 8, -1/61 HPs)
             Began as a Formicid Fighter on Apr 17, 2016.
             Slain by a quokka (2 damage)
             ... on level 5 of the Dungeon.
             The game lasted 00:17:13 (3693 turns).

saintsgambit the Shield-Bearer (Formicid Fighter)   Turns: 3693, Time: 00:17:15

Health: -1/61      AC:  8    Str: 28    XL:     8   Next: 11%
Magic:  8/8        EV: 10    Int:  7    God:
Gold:   240        SH: 11    Dex: 11    Spells: 0 memorised, 7 levels left

rFire  . . .     SeeInvis +     a - +0 quarterstaff
rCold  . . .     Gourm    .     b - +0 scale mail
rNeg   . . .     Faith    .     c - +0 shield
rPois  .         Spirit   .     (helmet unavailable)
rElec  .         Dismiss  .     (no cloak)
rCorr  .         Reflect  .     (no gloves)
SustAt .         Harm     .     g - +0 pair of boots
MR     .....                    (no amulet)
Stlth  +.........               D - ring of wizardry
                                p - ring of stealth

@: mighty, lethally poisoned (-1 -> -8), drained, not resistant to hostile
enchantments, very unstealthy
A: permanent stasis, dig shafts and tunnels, four strong arms, antennae 3
a: Dig, Shaft Self


You were on level 5 of the Dungeon.
You were not hungry.

You visited 1 branch of the dungeon, and saw 5 of its levels.

You collected 240 gold pieces.

Inventory:

Hand Weapons
 a - a +0 quarterstaff (weapon)
 q - a cursed -2 whip
Armour
 b - a +0 scale mail (worn)
 c - a +0 shield (worn)
 g - a +0 pair of boots (worn)
 n - a cursed +0 ring mail
Jewellery
 p - a ring of stealth (left hand)
 x - an uncursed amulet of rage
 y - an uncursed ring of protection from magic
 C - an uncursed amulet of harm
 D - a ring of wizardry (right hand)
Scrolls
 e - 2 scrolls of teleportation
 h - a scroll of remove curse
 k - a scroll of fear {unknown}
 l - a scroll of fog {unknown}
 o - a scroll of magic mapping
 s - a scroll of enchant weapon {unknown}
 t - 2 scrolls of enchant armour {unknown}
 u - 2 scrolls of immolation {unknown}
Potions
 m - a potion of magic {unknown}
 r - a potion of degeneration {unknown}
 w - a potion of lignification {unknown}
 z - a potion of cancellation {unknown}
 A - a potion of mutation {unknown}
 B - 2 potions of heal wounds {unknown}
Comestibles
 f - 3 bread rations
 j - a royal jelly


   Skills:
 + Level 4.7(3.7) Fighting
 + Level 4.0(3.0) Staves
 + Level 5.0(4.0) Armour
 + Level 3.1(2.2) Dodging
 + Level 1.3(0.4) Stealth
 + Level 6.6(5.5) Shields


You had 7 spell levels left.
You didn't know any spells.

Dungeon Overview and Level Annotations

Branches:
Dungeon (5/15)             Temple (0/1) D:4

Altars:
Cheibriados
Dithmenos
Elyvilon
Nemelex Xobeh
Ru
Sif Muna


Innate Abilities, Weirdness & Mutations

You are under a permanent stasis effect.
You can dig through walls and to a lower floor.
Your four strong arms can wield two-handed weapons with a shield.
You have a pair of large antennae on your head (SInv).


Message History

You bludgeon the giant gecko!!
You kill the giant gecko!
* * * LOW HITPOINT WARNING * * *
You feel sick. The quokka bites you.
* * * LOW HITPOINT WARNING * * *
The worker ant bites you.
* * * LOW HITPOINT WARNING * * *
The quokka closely misses you.
You thump the worker ant!
You kill the worker ant!
* * * LOW HITPOINT WARNING * * *
You feel sick. You block the jelly's attack.
The quokka bites you but does no damage.
You sock the worm!
The worm is almost dead.
* * * LOW HITPOINT WARNING * * *
You feel sick.
The quokka bites you but does no damage.
The jelly closely misses you. The quokka bites you.
You die...

...... ..#...
...###### .##...
.........# ## ..
..........# #
...........# ##
.!..........#
.####............#
...............J.#
...............r@#
...............w.#
...............###
..###..........#
..###..........#
...............#
...............#
.........?.#####
...........#


You could see a worm, a jelly and a quokka.

Vanquished Creatures
  Grinder (D:5)
  Menkaure (D:4)
  An ogre (D:4)
  Blork the orc (D:4)
  2 orc wizards (D:3)
  Terence (D:2)
  An iguana (D:4)
  2 worker ants
  8 adders
  2 shadow imps
  An ooze (D:2)
  2 worms
  2 dart slugs (D:3)
  6 giant geckos
  2 orcs (D:3)
  10 goblins
  5 hobgoblins
  A quokka (D:5)
  A ball python (D:1)
  5 bats
  2 giant newts
  9 kobolds
  3 rats
69 creatures vanquished.

Notes
Turn   | Place    | Note
--------------------------------------------------------------
     0 | D:1      | saintsgambit the Formicid Fighter began the quest for the Orb.
     0 | D:1      | Reached XP level 1. HP: 18/18 MP: 1/1
    61 | D:1      | Reached skill level 4 in Shields
    61 | D:1      | Reached XP level 2. HP: 10/24 MP: 2/2
   631 | D:2      | Reached XP level 3. HP: 15/29 MP: 3/3
   955 | D:2      | Noticed Terence
   986 | D:2      | Killed Terence
   986 | D:2      | Reached XP level 4. HP: 27/37 MP: 4/4
  1333 | D:3      | Reached skill level 1 in Dodging
  1333 | D:3      | Reached XP level 5. HP: 32/42 MP: 5/5
  2000 | D:3      | Reached XP level 6. HP: 48/48 MP: 6/6
  2209 | D:4      | Found a sacrificial altar of Ru.
  2248 | D:4      | Noticed Blork the orc
  2261 | D:4      | Killed Blork the orc
  2261 | D:4      | Reached skill level 5 in Shields
  2370 | D:4      | Found a shadowy altar of Dithmenos.
  2486 | D:4      | Noticed Menkaure
  2495 | D:4      | Killed Menkaure
  2495 | D:4      | Reached XP level 7. HP: 16/55 MP: 7/7
  2877 | D:4      | Found a staircase to the Ecumenical Temple.
  2932 | D:4      | Found a deep blue altar of Sif Muna.
  2935 | D:4      | Found a snail-covered altar of Cheibriados.
  2938 | D:4      | Found a white marble altar of Elyvilon.
  3127 | D:4      | Reached skill level 6 in Shields
  3480 | D:5      | Entered Level 5 of the Dungeon
  3510 | D:5      | Noticed Grinder
  3529 | D:5      | Killed Grinder
  3529 | D:5      | Reached skill level 1 in Stealth
  3529 | D:5      | Reached XP level 8. HP: 56/61 MP: 8/8
  3637 | D:5      | Found a sparkling altar of Nemelex Xobeh.
  3690 | D:5      | Reached skill level 5 in Armour
  3691 | D:5      | HP: 2/61 [worker ant (3)]
  3693 | D:5      | Slain by a quokka

Vault maps used:
D:1:      minmay_arrival_nine_rooms
D:2:      first_bread, uniq_terence
D:4:      marbit_many_paths, grunt_temple_overflow_diamond,
          minmay_temple_entry_purple_smoke, nicolae_ru_sacrificial_ziggurat,
          uniq_menkaure, uniq_blork_the_orc
D:5:      lemuel_round_altar, uniq_grinder

Skill      XL: |  1  2  3  4  5  6  7  8 |
---------------+-------------------------+-----
Shields        | 4 5 6 |  6.6
Dodging        | 1 2 3 |  3.1
Fighting       | 4 |  4.7
Staves         | 3 4 |  4.0
Armour         | 4 5 |  5.0
Stealth        | 1 |  1.3

Action                   |  1- 3 |  4- 6 |  7- 9 || total
-------------------------+-------+-------+-------++-------
Melee: Quarterstaff      |    67 |   156 |    72 ||   295
  Use: Scroll            |       |     3 |     2 ||     5
       Potion            |       |       |     3 ||     3
  Eat: Chunk             |       |     3 |       ||     3
       Pizza             |       |     1 |       ||     1
       Bread ration      |       |       |     1 ||     1
Armor: Scale mail        |    54 |    57 |    30 ||   141
Dodge: Dodged            |    23 |    47 |    40 ||   110
Block: Shield            |    43 |    97 |    65 ||   205
